 Dungeon Crawl Stone Soup version 0.31-a0-95-g6fa058ef04 (webtiles) character file.

Game seed: 2935849639929547976

553 edwardauron the Digger (level 6, -17/45 HPs)
             Began as a Demigod Earth Elementalist on May 25, 2023.
             Demolished by an ogre
             ... wielding a +0 giant club
              (34 damage)
             ... on level 5 of the Dungeon.
             The game lasted 00:04:00 (4373 turns).

edwardauron the Digger (Demigod Earth Elementalist) Turns: 4373, Time: 00:04:01

Health: -17/45     AC:  3    Str: 15    XL:     6   Next: 80%
Magic:  8/16       EV: 12    Int: 25    God:
Gold:   197        SH:  0    Dex: 16    Spells: 13/14 levels left

rFire   . . .        o - +8 dagger of Lerch {heavy, rElec rN+ Str+6 Dex-4}
rCold   . . .        (no shield)
rNeg    + . .        a - +0 robe
rPois   .            (no helmet)
rElec   +            (no cloak)
rCorr   .            u - +0 pair of gloves
SInv    .            (no boots)
Will    .....        (no amulet)
Stlth   ++           h - +6 ring of dexterity
HPRegen 0.27/turn    (no ring)
MPRegen 0.15/turn

%: no passive effects
@: no status effects
A: high MP 1, forlorn, divine attributes
a: no special abilities


You were on level 5 of the Dungeon.
You visited 1 branch of the dungeon, and saw 5 of its levels.

You collected 197 gold pieces.

Inventory:

Hand Weapons
 o - the +8 dagger of Lerch (weapon) {heavy, rElec rN+ Str+6 Dex-4}
   (You found it on level 3 of the Dungeon)

   Str:       It affects your strength (+6).
   Dex:       It affects your dexterity (-4).
   rElec:     It insulates you from electricity.
   rN:        It protects you from negative energy.
Armour
 a - a +0 robe (worn)
 u - a +0 pair of gloves (worn)
Jewellery
 h - a +6 ring of dexterity (left hand)
 r - a +6 ring of strength
Wands
 n - a wand of iceblast (16)
Scrolls
 c - a scroll of noise {unknown}
 d - 2 scrolls of amnesia {unknown}
 i - 2 scrolls of blinking {unknown}
 j - a scroll of brand weapon {unknown}
 k - a scroll of immolation {unknown}
 l - 2 scrolls of teleportation {unknown}
 p - a scroll of fear {unknown}
 q - 2 scrolls of identify {unknown}
 t - a scroll of torment {unknown}
 v - a scroll of fog {unknown}
Potions
 b - a potion of magic
 e - 4 potions of brilliance {unknown}
 f - 2 potions of degeneration {unknown}
 g - 4 potions of curing {unknown}
 m - 3 potions of heal wounds {unknown}
 s - a potion of haste {unknown}


   Skills:
 - Level 1.7 Dodging
 - Level 1.7 Stealth
 * Level 4.7 Spellcasting
 - Level 0.8 Transmutations
 * Level 5.5 Earth Magic


You had 13 spell levels left.
You knew the following spells:

 Your Spells              Type           Power      Damage    Failure   Level
a - Sandblast             Erth           66%        2d15      1%          1

Your spell library contained the following spells:

 Spells                   Type           Power      Damage    Failure   Level
 Passwall                 Tmut/Erth      15%        N/A       4%          2
 Stone Arrow              Conj/Erth      32%        3d9       11%         3
 Blink                    Tloc           10%        N/A       13%         2
 Lesser Beckoning         Tloc           10%        N/A       13%         2
 Momentum Strike          Conj/Tloc      4%         3d8       16%         2
 Call Canine Familiar     Summ           5%         N/A       26%         3
 Petrify                  Tmut/Erth      19%        N/A       28%         4
 Portal Projectile        Hex/Tloc       4%         N/A       32%         3
 Leda's Liquefaction      Hex/Erth       8%         N/A       34%         4
 Conjure Ball Lightning   Conj/Air       1%         3x3d6     100%        6
 Discord                  Hex            2%         N/A       100%        8
 Disjunction              Tloc           2%         N/A       100%        8


Dungeon Overview and Level Annotations

Branches:
Dungeon (5/15)
 Temple: D:4-7

Shops:
D:1 =   D:2 !


Innate Abilities, Weirdness & Mutations

You have an increased reservoir of magic. (+10% MP)
You shall have no god before yourself.
Your divine heritage dramatically boosts your attributes as you level up.


Message History

The centaur wields a +0 shortbow.
The centaur shoots an arrow.
The arrow hits you.
The scorpion stings you but does no damage.
The centaur shoots an arrow.
The arrow hits you.
You hear a shout!
The blast of sand hits the scorpion!!
You kill the scorpion!
You hear an angry hiss.
An ogre comes into view. It is wielding a +0 giant club.
The blast of sand hits the centaur!
The centaur is severely wounded.
The centaur unwields a +0 shortbow.
The centaur barely misses you.
The centaur kicks you but does no damage.
The centaur hits you. The centaur closely misses you.
The blast of sand hits the centaur but does no damage.
The centaur is severely wounded.
The centaur closely misses you. The centaur kicks you. The centaur hits you.
The centaur misses you.
The blast of sand misses the centaur.
The blast of sand hits the ogre!
The ogre is heavily wounded.
The centaur barely misses you. x2
The centaur hits you but does no damage.
The centaur misses you.
The blast of sand hits the centaur!
You kill the centaur!
The ogre misses you.
An iguana comes into view.
The blast of sand hits the ogre!
The ogre is almost dead.
The ogre hits you with a +0 giant club!
You are too injured to fight recklessly!
You are too injured to fight recklessly!
Aiming: Sandblast (safe; 1% risk of failure)
Press: ? - help, Q - select action, (/) - cycle Shift-Dir - straight line, f/p - ogre
Aim: an ogre, wielding a +0 giant club (almost dead, 92% to hit)
The blast of sand hits the ogre.
The ogre is almost dead.
The ogre hits you with a +0 giant club!!
Ouch! That really hurt!
You die...

.### ..... #
##....####..#
.......@Ol..#
.##....†#...#
#.(...# .!#
#.#.#.# .# #
#...# # #.###
#


You could see an ogre and an iguana.

Vanquished Creatures
  A sky beast (D:3)
  A centaur (D:5)
  A scorpion (D:5)
  A hound (D:4)
  3 orc priests
  A scorpion zombie (D:3)
  2 hound skeletons (D:3)
  5 adders
  A worm (D:4)
  2 dart slugs
  10 orcs
  6 bats
  5 endoplasms
  2 giant cockroaches
  8 goblins
  9 hobgoblins
  7 jackals
  9 kobolds
  5 quokkas
  8 ball pythons
  A ball python skeleton (D:3)
  3 frilled lizards
  5 rats
96 creatures vanquished.

Notes
Turn   | Place    | Note
-------+----------+-------------------------------------------
     0 | D:1      | edwardauron the Demigod Earth Elementalist began the quest
                  | for the Orb.
     0 | D:1      | Reached XP level 1. HP: 14/14 MP: 5/5
    87 | D:1      | Reached skill level 3 in Earth Magic
   264 | D:1      | Reached XP level 2. HP: 20/20 MP: 5/7
   715 | D:1      | Found Ijoeler's Jewellery Shop.
  1155 | D:2      | Reached XP level 3. HP: 26/26 MP: 5/9
  1231 | D:2      | Found Sobbetaq's Distillery.
  2125 | D:2      | Reached XP level 4. HP: 33/33 MP: 6/11
  2415 | D:3      | Reached skill level 4 in Earth Magic
  2511 | D:3      | Reached XP level 5. HP: 26/38 MP: 5/13
  2713 | D:3      | Noticed a sky beast
  2719 | D:3      | Killed a sky beast
  3174 | D:3      | Identified the +8 dagger of Lerch {heavy, rElec rN+ Str+6
                  | Dex-4}
  3475 | D:4      | Reached XP level 6. HP: 45/45 MP: 13/15
  3660 | D:4      | Reached skill level 5 in Earth Magic
  4365 | D:5      | Entered Level 5 of the Dungeon
  4373 | D:5      | Demolished by an ogre

Illustrated notes

Levels and vault maps discovered:
D:1:      onia_arrival_pyramid, layout_basic, serial_shops, shop,
          minmay_pentomino_v4
D:2:      kennysheep_six_static_rooms, layout_loops_ring,
          hellmonk_ecumenical_altar_leap_of_faith, serial_shops, shop
D:3:      layout_loops_ring, nicolae_qazlal_beasts_of_the_sky, serial_undead,
          serial_undead_c, serial_undead_b, serial_undead_e, serial_undead_c,
          serial_undead_e, serial_undead_b, kennysheep_generic_room_7
D:4:      layout_basic, nicolae_overflow_squiral,
          nicolae_wu_jian_immortal_techniques
D:5:      layout_basic, grunt_decor_junction, uniq_edmund

Skill      XL: |  1  2  3  4  5  6 |
---------------+-------------------+-----
Spellcasting   | 2 3 4 |  4.7
Earth Magic    | 3 4 5 |  5.5
Dodging        | |  1.7
Stealth        | |  1.7
Transmutations | |  0.8

Action                     |  1- 3 |  4- 6 || total
---------------------------+-------+-------++-------
  Melee: Dagger            |       |     1 ||     1
   Cast: Sandblast         |    69 |    83 ||   152
 Armour: Robe              |     6 |     6 ||    12
  Dodge: Dodged            |    10 |    27 ||    37

Table legend: (Time is in decaauts)
 A = Elapsed time spent in this place.
 B = Non-inter-level travel time spent in this place.
 C = Inter-level travel time spent in this place.
 D = Time resting spent in this place.
 E = Time spent auto-exploring this place.
 F = Levels seen in this place.
 G = Mean time per level.
                   A        B        C        D        E       F      G
               +--------+--------+--------+--------+--------+-----+--------+
         Total |   4447 |   4214 |    233 |    184 |   3578 |   5 |  889.4 |
       Dungeon |   4447 |   4214 |    233 |    184 |   3578 |   5 |  889.4 |
               +--------+--------+--------+--------+--------+-----+--------+

Top non-repeatable levels by time:
     D:2: 1274 daAuts
     D:1: 1163 daAuts
     D:4: 1038 daAuts
     D:3: 959 daAuts
     D:5: 11 daAuts
